 Dungeon Crawl Stone Soup version 0.29-a0-418-gc0181ea820 (webtiles) character file.

Game seed: 2576052129961892183

33 Hubjo the Firebug (level 3, 0/20 HPs)
             Began as a Deep Elf Fire Elementalist on May 17, 2022.
             Slain by a goblin
             ... wielding a +0 dagger
             ... led by Robin
              (6 damage)
             ... on level 2 of the Dungeon.
             The game lasted 00:00:51 (2013 turns).

Hubjo the Firebug (Deep Elf Fire Elementalist)      Turns: 2013, Time: 00:00:52

Health: 0/20       AC:  2    Str:  5    XL:     3   Next: 12%
Magic:  3/9        EV: 12    Int: 21    God:
Gold:   62         SH:  0    Dex: 15    Spells: 7/8 levels left

rFire   . . .      SeeInvis .   (no weapon)
rCold   . . .      Faith    .   (no shield)
rNeg    . . .      Spirit   .   a - +0 robe
rPois   .          Reflect  .   (no helmet)
rElec   .          Harm     .   (no cloak)
rCorr   .          Rampage  .   (no gloves)
Will    .....                   (no boots)
Stlth   ++........              (no amulet)
HPRegen 0.06/turn               (no ring)
MPRegen 0.11/turn               (no ring)

@: no status effects
A: no striking features
a: no special abilities


You were on level 2 of the Dungeon.
You visited 1 branch of the dungeon, and saw 2 of its levels.

You collected 62 gold pieces.

Inventory:

Armour
 a - a +0 robe (worn)
Scrolls
 c - a scroll of fear {unknown}
 e - 2 scrolls of summoning {unknown}
 g - 2 scrolls of identify {unknown}
 i - a scroll of poison {unknown}
 j - a scroll of teleportation {unknown}
 k - a scroll of vulnerability {unknown}
 n - a scroll of amnesia {unknown}
Potions
 b - a potion of magic
 d - a potion of flight {unknown}
 f - 3 potions of curing {unknown}
 h - 2 potions of heal wounds {unknown}
 l - a potion of mutation {unknown}
 m - a potion of ambrosia {unknown}


   Skills:
 * Level 1.3 Fighting
 - Level 2.4 Dodging
 + Level 3.0 Stealth
 + Level 3.4 Spellcasting
 - Level 1.1 Conjurations
 + Level 3.6 Fire Magic


You had 7 spell levels left.
You knew the following spells:

 Your Spells              Type           Power      Damage    Failure   Level
a - Foxfire               Conj/Fire      52%        2x1d6     4%          1

Your spell library contained the following spells:

 Spells                   Type           Power      Damage    Failure   Level
 Scorch                   Fire           36%        2d6       4%          2
 Conjure Flame            Conj/Fire      13%        6-21      14%         3
 Inner Flame              Hex/Fire       11%        N/A       19%         3
 Dazzling Flash           Conj/Hex       10%        N/A       30%         3
 Flame Wave               Conj/Fire      13%        2d6       43%         4
 Iskenderun's Mystic Bla  Conj/Tloc      5%         2d3       69%         4
 Starburst                Conj/Fire      6%         6d4       100%        6


Dungeon Overview and Level Annotations

Branches:
Dungeon (2/15)

Altars:

Shops:
D:1 (

Annotations:
D:2 Robin


Message History

There are monsters nearby!
There are monsters nearby!
You are too depleted to draw on your mana recklessly!
There are monsters nearby!
You are too depleted to draw on your mana recklessly!
There are monsters nearby!
You are too depleted to draw on your mana recklessly!
You are too depleted to draw on your mana recklessly!
You are too depleted to draw on your mana recklessly!
You see here a staff of earth.
Robin throws the goblin at you! The goblin closely misses you.
The goblin hits you but does no damage.
There is an open door here.
The goblin attacks as you move away! The goblin hits you with a +0 dagger.
The goblin hits you with a +0 dagger.
There is an open door here.
The goblin attacks as you move away! The goblin barely misses you.
The goblin hits you with a +0 dagger.
There is an open door here.
The goblin closely misses you. The goblin attacks as you move away!
The goblin closely misses you.
There is an open door here.
The goblin attacks as you move away! The goblin misses you.
The goblin hits you with a +0 dagger.
An endoplasm comes into view.
The endoplasm quivers.
Robin roars a battlecry!
The goblin goes into a battle-frenzy!
Found a scroll labelled HESCHU ZUIRHEZI.
The endoplasm jiggles.
A goblin comes into view. It is wielding a +0 dagger.
The goblin shouts! x2
The endoplasm freezes you.
You are frozen.
You hit the endoplasm.
The endoplasm is lightly wounded.
The endoplasm hits you.
* * * LOW HITPOINT WARNING * * *
The goblin hits you with a +0 dagger.
You die...

#########....[....####.##.
#..........###.##.....<...
#........<.............###
#...................####
#...................#
#######...................#
#...........................
#..#####.....................
............g..g@J...........
.#######'#######.....?.. .
#.# #.#....... #####g#####
#........# #...'.'...#
#..###.#.# # #.###.###g#
#gg.. ..... #.# #.#
#..###.#.#
###.###'###).......#..
..........'..|.$.....#


You could see Robin, an endoplasm and 3 goblins.

Vanquished Creatures
  An adder (D:2)
  A dart slug (D:1)
  2 ball pythons (D:1)
  A bat (D:1)
  An endoplasm (D:1)
  2 giant cockroaches
  4 goblins (D:2)
  A hobgoblin (D:1)
  A quokka (D:1)
  A frilled lizard (D:1)
  3 kobolds
  3 rats
21 creatures vanquished.

Vanquished Creatures (others)
  153 foxfires
153 creatures vanquished.

Grand Total: 174 creatures vanquished

Notes
Turn   | Place    | Note
-------+----------+-------------------------------------------
     0 | D:1      | Hubjo the Deep Elf Fire Elementalist began the quest for
                  | the Orb.
     0 | D:1      | Reached XP level 1. HP: 10/10 MP: 6/6
   231 | D:1      | Found Omiudghaq's Antique Weapon Shop.
   464 | D:1      | Reached XP level 2. HP: 16/16 MP: 4/8
   999 | D:1      | Reached skill level 1 in Fighting
  1974 | D:2      | Reached XP level 3. HP: 20/20 MP: 5/9
  1982 | D:2      | Noticed Robin
  2013 | D:2      | Slain by a goblin

Illustrated notes

Levels and vault maps discovered:
D:1:      eino_arrival_cavern_d, layout_loops_ring, serial_shops, shop
D:2:      layout_rooms, minmay_door_square, uniq_robin, uniq_jessica

Skill      XL: |  1  2  3 |
---------------+----------+-----
Fighting       | 1 |  1.3
Stealth        | 3 |  3.0
Dodging        | |  2.4
Spellcasting   | |  3.4
Conjurations   | |  1.1
Fire Magic     | |  3.6

Action                   || total
-------------------------++-------
Melee: Unarmed           ||     2
 Cast: Foxfire           ||   100
 Stab: Sleeping          ||     1
Armor: Robe              ||     6
Dodge: Dodged            ||    15

Table legend: (Time is in decaauts)
 A = Elapsed time spent in this place.
 B = Non-inter-level travel time spent in this place.
 C = Inter-level travel time spent in this place.
 D = Time resting spent in this place.
 E = Time spent auto-exploring this place.
 F = Levels seen in this place.
 G = Mean time per level.
                   A        B        C        D        E       F      G
               +--------+--------+--------+--------+--------+-----+--------+
         Total |   2012 |   1990 |     22 |      0 |   1784 |   2 | 1006.0 |
       Dungeon |   2012 |   1990 |     22 |      0 |   1784 |   2 | 1006.0 |
               +--------+--------+--------+--------+--------+-----+--------+

Top non-repeatable levels by time:
     D:1: 1503 daAuts
     D:2: 509 daAuts
